 Dungeon Crawl Stone Soup version 0.30-a0-457-g4b7bca3bfa (webtiles) character file.

Game seed: 206862154230633081

231 pokeman the Magician (level 5, -6/29 HPs)
             Began as a Deep Elf Hedge Wizard on Dec 13, 2022.
             Killed by miscasting Mephitic Cloud (8 damage)
             ... on level 5 of the Dungeon.
             The game lasted 00:08:11 (4342 turns).

pokeman the Magician (Deep Elf Hedge Wizard)        Turns: 4342, Time: 00:08:12

Health: -6/29      AC:  4    Str:  7    XL:     5   Next: 73%
Magic:  8/16       EV: 12    Int: 21    God:
Gold:   183        SH:  0    Dex: 20    Spells: 9/17 levels left

rFire   . . .      SeeInvis .    a - +0 dagger
rCold   . . .      Faith    .    (no shield)
rNeg    . . .      Spirit   .    l - +0 leather armour
rPois   .          Reflect  .    j - +0 helmet
rElec   .          Harm     .    (no cloak)
rCorr   .          Rampage  .    (no gloves)
Will    .....                    (no boots)
Stlth   ++........               B - amulet of magic regeneration
HPRegen 0.24/turn                m - +6 ring of dexterity
MPRegen 0.55/turn                (no ring)

@: lethally poisoned (-6 -> -10), very slightly contaminated
A: no striking features
a: no special abilities


You were on level 5 of the Dungeon.
You visited 1 branch of the dungeon, and saw 5 of its levels.

You collected 183 gold pieces.

Inventory:

Hand Weapons
 a - a +0 dagger (weapon)
Armour
 j - a +0 helmet (worn)
 l - a +0 leather armour (worn)
 s - a +0 tower shield
Jewellery
 m - a +6 ring of dexterity (left hand)
 t - the Hermit's Pendant {Faith Invo=14 Evo=0 MP+5}
   (You found it on level 3 of the Dungeon)

   [amulet of faith]

   It sets your invocations skill to 14 and your evocations skill to 0.
   It allows you to gain divine favour quickly.
   MP:        It affects your magic capacity (+5).
 B - an amulet of magic regeneration (around neck)
Wands
 u - a wand of digging (4)
 A - a wand of mindburst (10)
Scrolls
 b - 2 scrolls of enchant armour {unknown}
 h - a scroll of acquirement {unknown}
 i - a scroll of poison {unknown}
 n - a scroll of noise {unknown}
 p - a scroll of vulnerability {unknown}
 q - 3 scrolls of identify {unknown}
 v - a scroll of fog {unknown}
 w - a scroll of teleportation {unknown}
 y - a scroll of blinking {unknown}
Potions
 c - a potion of berserk rage {unknown}
 d - 2 potions of magic
 e - 3 potions of degeneration {unknown}
 f - a potion of brilliance {unknown}
 g - a potion of flight {unknown}
 k - 2 potions of haste {unknown}
 o - a potion of heal wounds {unknown}
 r - a potion of invisibility {unknown}
 x - a potion of ambrosia {unknown}
 z - 2 potions of curing {unknown}


   Skills:
 - Level 1.0 Fighting
 - Level 1.0 Armour
 - Level 3.0 Dodging
 - Level 3.0 Stealth
 + Level 0.7 Shields
 * Level 6.5 Spellcasting
 + Level 3.0 Conjurations
 - Level 1.1 Summonings
 - Level 1.1 Translocations
 - Level 1.0 Air Magic
 + Level 0.0 Poison Magic


You had 9 spell levels left.
You knew the following spells:

 Your Spells              Type           Power      Damage    Failure   Level
a - Magic Dart            Conj           76%        1d6       3%          1
b - Mephitic Cloud        Conj/Pois/Air  12%        N/A       24%         3
c - Call Imp              Summ           11%        N/A       13%         2
d - Blink                 Tloc           22%        N/A       13%         2

Your spell library contained the following spells:

 Spells                   Type           Power      Damage    Failure   Level
 Slow                     Hex            24%        N/A       14%         1
 Cigotuvi's Dreadful Rot  Necr/Pois/Air  16%        N/A       19%         2


Dungeon Overview and Level Annotations

Branches:
Dungeon (5/15)
 Temple: D:4-7

Altars:

Shops:
D:4 :


Message History

The ogre is engulfed in noxious fumes.
The ogre appears confused.
The ogre hits you with a +0 giant club.
Unknown command.
You catch the helpless ogre completely off-guard!
You puncture the ogre!
The ogre is heavily wounded.
Your shadow imp hits the ogre.
Unknown command.
You hit the ogre but do no damage.
The ogre is heavily wounded.
The ogre is engulfed in noxious fumes.
The ogre closely misses your shadow imp.
Your shadow imp hits the ogre.
You hit the ogre.
The ogre is severely wounded.
Your shadow imp hits the ogre.
The ogre is engulfed in noxious fumes.
The ogre appears confused.
The ogre hits you with a +0 giant club!!
Ouch! That really hurt!
* * * LOW HITPOINT WARNING * * *
Your shadow imp gestures at the ogre.
The ogre writhes in agony!
The ogre dies!
Your Conjurations skill increases to level 3!
Your Air Magic skill increases to level 1!
Unknown command.
Your magical contamination has completely faded away.
An adder comes into view.
An adder is nearby!
Casting: Call Imp (safe; 13% risk of failure)
Confirm with . or Enter, or press ? or * to list all spells.
The spell is quite dangerous to miscast (24% risk of failure)!
Continue anyway?
Aiming: Mephitic Cloud (quite dangerous; 24% risk of failure)
Press: ? - help, Shift-Dir - straight line, f - shadow imp
Aim: a shadow imp (summoned, friendly, not susceptible)
You miscast Mephitic Cloud.
You are very lightly contaminated with residual magic.
You feel rather nauseous for a moment!
You are lethally poisoned!
You die...

####.##...##.#####
#..........#
#...######.# #####
#.# #.# #.# #.#
..########.#
#......5.@.#
......S#####
.#..... #.....
#.<... ###.## #.
#.


You could see an adder (ally target) and a friendly shadow imp (summoned).

Vanquished Creatures
  A hound (D:4)
  An adder (D:3)
  An ufetubus (D:3)
  2 worms (D:2)
  A dart slug (D:3)
  5 orcs
  7 ball pythons
  3 endoplasms
  3 giant cockroaches
  13 goblins
  15 hobgoblins
  3 jackals (D:5)
  11 kobolds
  5 quokkas
  6 bats
  6 frilled lizards
  2 rats
85 creatures vanquished.

Vanquished Creatures (collateral kills)
  An ogre (D:5)
1 creature vanquished.

Grand Total: 86 creatures vanquished

Notes
Turn   | Place    | Note
-------+----------+-------------------------------------------
     0 | D:1      | pokeman the Deep Elf Hedge Wizard began the quest for the
                  | Orb.
     0 | D:1      | Reached XP level 1. HP: 10/10 MP: 7/7
   245 | D:1      | Reached XP level 2. HP: 7/16 MP: 4/9
   691 | D:1      | Reached skill level 5 in Spellcasting
  1032 | D:2      | Reached XP level 3. HP: 20/20 MP: 4/11
  1038 | D:2      | Learned a level 3 spell: Mephitic Cloud
  1041 | D:2      | Learned a level 2 spell: Call Imp
  1044 | D:2      | Learned a level 2 spell: Blink
  1685 | D:2      | Reached skill level 1 in Fighting
  1865 | D:2      | Reached skill level 1 in Armour
  2121 | D:3      | Found a faded altar of an unknown god.
  2459 | D:3      | Reached XP level 4. HP: 25/25 MP: 7/13
  3130 | D:3      | Found a faded altar of an unknown god.
  3130 | D:3      | Found the Hermit's Pendant {Faith Invo=14 Evo=0 MP+5}
  3514 | D:4      | Reached skill level 6 in Spellcasting
  3597 | D:4      | Reached XP level 5. HP: 29/29 MP: 8/15
  3675 | D:4      | Found Xocon's Self-Improvement Boutique.
  4234 | D:5      | Entered Level 5 of the Dungeon
  4327 | D:5      | Noticed an ogre
  4335 | D:5      | HP: 1/29 [ogre/+0 giant club (25)]
  4336 | D:5      | Killed an ogre
  4337 | D:5      | Reached skill level 1 in Air Magic
  4342 | D:5      | Killed by miscasting Mephitic Cloud

Illustrated notes

Levels and vault maps discovered:
D:1:      dpeg_arrival_pond, layout_rooms
D:2:      layout_rooms, serial_glass, glass_columns_a, glass_columns_b,
          grunt_decor_arrowhead, hangedman_decor_push
D:3:      corexii_shack_village, layout_rooms,
          ebering_ecumenical_altar_abandoned, chequers_serial_rivers_micro_b,
          hellmonk_guarded_unrand_hermit
D:4:      layout_rooms, serial_co_window_serial, co_window_corner_a,
          co_window_of_opportunity_a, co_window_paths_b,
          co_window_of_opportunity_a, co_window_paths_b,
          co_window_of_opportunity_b, co_window_corner_cb, co_window_2corner,
          co_window_of_opportunity_c, co_window_corner_ca, co_window_corner_cb,
          co_window_4corner_b, glass_columns_a, glass_columns_a,
          glass_columns_c, glass_columns_b, eino_small_chamber_without_monster,
          nicolae_shop_self_help
D:5:      layout_loops_ring, nicolae_overflow_hidden_temple, slow_altar_1,
          serial_shops, shop, gammafunk_ghost_cemetery, uniq_duvessa

Skill      XL: |  1  2  3  4  5 |
---------------+----------------+-----
Spellcasting   | 5 6 |  6.5
Fighting       | 1 |  1.0
Conjurations   | 2 3 |  3.0
Armour         | 1 |  1.0
Dodging        | 3 |  3.0
Stealth        | 3 |  3.0
Air Magic      | 1 |  1.0
Shields        | |  0.7
Summonings     | |  1.1
Translocations | |  1.1

Action                   |  1- 3 |  4- 6 || total
-------------------------+-------+-------++-------
Melee: Dagger            |    50 |     3 ||    53
 Cast: Magic Dart        |   133 |    73 ||   206
       Mephitic Cloud    |     1 |     2 ||     3
       Call Imp          |       |     1 ||     1
 Stab: Sleeping          |     2 |       ||     2
       Confused          |     1 |     1 ||     2
Armor: Robe              |     7 |       ||     7
       Leather armour    |     2 |     3 ||     5
Dodge: Dodged            |    38 |    12 ||    50

Table legend: (Time is in decaauts)
 A = Elapsed time spent in this place.
 B = Non-inter-level travel time spent in this place.
 C = Inter-level travel time spent in this place.
 D = Time resting spent in this place.
 E = Time spent auto-exploring this place.
 F = Levels seen in this place.
 G = Mean time per level.
                   A        B        C        D        E       F      G
               +--------+--------+--------+--------+--------+-----+--------+
         Total |   4341 |   4226 |    115 |      0 |   3713 |   5 |  868.2 |
       Dungeon |   4341 |   4226 |    115 |      0 |   3713 |   5 |  868.2 |
               +--------+--------+--------+--------+--------+-----+--------+

Top non-repeatable levels by time:
     D:3: 1154 daAuts
     D:2: 1085 daAuts
     D:1: 1017 daAuts
     D:4: 976 daAuts
     D:5: 107 daAuts
